 Dungeon Crawl Stone Soup version 0.31-a0-654-gbe3e110b4e (webtiles) character file.

Game seed: 12005715654375587264

1853220 octothorp the Slayer (level 27, 302/302 HPs)
             Began as a Troll Chaos Knight on Aug 27, 2023.
             Was a Favourite Plaything of Xom.
             Escaped with the Orb
             ... and 3 runes on Aug 29, 2023!
             The game lasted 06:28:44 (59515 turns).

octothorp the Slayer (Troll Chaos Knight)          Turns: 59515, Time: 06:28:44

Health: 302/302    AC: 30    Str: 35    XL:     27
Magic:  26/26      EV: 13    Int:  4    God:    Xom [..*...]
Gold:   8418       SH: 41    Dex: 19    Spells: 26/26 levels left

rFire   + +          .
                       - Unarmed
rCold   + . .        x - +10 tower shield of Ignorance {rN+ Int-4}
rNeg    + . .        g - +8 gold dragon scales of Uclugaeff {rPois rF+ rC+ rCorr}
rPois   +            (helmet restricted)
rElec   +            d - scarf "Lylosse" {shadows, Fly Will++ Int+3}
rCorr   +            (gloves unavailable)
SInv    +            (boots unavailable)
Will    +++++        h - amulet of reflection Stlth
                     M - ring of Imirch {AC+4 Str+3 Slay+3 SInv}
HPRegen 1.50/turn    Y - ring "Zaeczubi" {rElec rPois MP+9 Int-5 Dex+6}
MPRegen 0.20/turn

%: reflection, clarity
@: flying, studying Air Magic
A: large, unfitting armour, claws 3, regeneration 1, shaggy fur 1, tough skin 1,
antennae 1, talons 2, iridescent scales 1, large bone plates 1, camouflage 1,
clarity, deformed body, deterioration 1, fire resistance 1, low MP 2,
strong-willed 1, sense surroundings 1, teleportitis 1, inability to drink after
injury 2, inability to read after injury 1, sturdy frame 1
0: Orb of Zot
}: 3/15 runes: decaying, silver, gossamer
a: Renounce Religion


You escaped.
You worshipped Xom.
You were a toy of Xom.
You visited 10 branches of the dungeon, and saw 48 of its levels.
You visited 1 bazaar.
You also visited: Ossuary, Ice Cave and Desolation.

You collected 9859 gold pieces.
You spent 1441 gold pieces at shops.

Inventory:

Missiles
 b - 10 javelins
 s - 55 large rocks (quivered)
 U - 4 throwing nets
Armour
 d - the scarf "Lylosse" (worn) {shadows, Fly Will++ Int+3}
   (You found it on level 4 of the Spider Nest)

   Int+3:     It affects your intelligence (+3).
   Will++:    It greatly increases your willpower.
   Fly:       It grants you flight.
 g - the +8 gold dragon scales of Uclugaeff (worn) {rPois rF+ rC+ rCorr}
   (You acquired it on level 1 of the Realm of Zot)

   rF+:       It protects you from fire.
   rC+:       It protects you from cold.
   rPois:     It protects you from poison rCorr: It protects you from acid and
   corrosion.
 q - the +5 robe of Night {Dark Will+ SInv}
   (You found it on level 1 of the Lair of Beasts)

   Dark:      It shrouds the wearer in darkness, reducing the range at which
   they can see and be seen by others.
   Will+:     It increases your willpower.
   SInv:      It lets you see invisible.
 x - the +10 tower shield of Ignorance (worn) {rN+ Int-4}
   (You found it on level 10 of the Dungeon)

   Int-4:     It affects your intelligence (-4).
   rN+:       It protects you from negative energy.
Jewellery
 h - an amulet of reflection (around neck)
 i - the ring "Tuacing" {Fly rN++ SInv Stlth-}
   (You took it off a deep elf elementalist on level 3 of the Elven Halls)

   [ring of flight]

   rN++:      It greatly protects you from negative energy.
   SInv:      It lets you see invisible.
   Fly:       It grants you flight.
   Stlth-:    It makes you less stealthy.
 y - the ring "Kylo" {AC+4 Dex+3 SInv}
   (You took it off a deep elf pyromancer on level 3 of the Elven Halls)

   [ring of protection]

   AC+4:      It affects your AC (+4).
   Dex+3:     It affects your dexterity (+3).
   SInv:      It lets you see invisible.
 A - the ring "Vavysoliyk" {Fire rElec MP-9 Int+7 Stlth-}
   (You found it on level 3 of the Elven Halls)

   [ring of fire]

   Fire:      It enhances your fire magic.
   Int+7:     It affects your intelligence (+7).
   rF+:       It protects you from fire.
   rC-:       It makes you vulnerable to cold.
   rElec:     It insulates you from electricity.
   MP-9:      It affects your magic capacity (-9).
   Stlth-:    It makes you less stealthy.
 B - the ring "Sinit" {Ice rElec rPois rCorr Dex-3}
   (You took it off Josephina on level 2 of the Realm of Zot)

   [ring of ice]

   Ice:       It enhances your ice magic.
   Dex-3:     It affects your dexterity (-3).
   rF-:       It makes you vulnerable to fire.
   rC+:       It protects you from cold.
   rElec:     It insulates you from electricity.
   rPois:     It protects you from poison rCorr: It protects you from acid and
   corrosion.
 M - the ring of Imirch (left claw) {AC+4 Str+3 Slay+3 SInv}
   (You found it in the Desolation of Salt)

   [ring of protection]

   AC+4:      It affects your AC (+4).
   Str+3:     It affects your strength (+3).
   Slay+3:    It affects your accuracy & damage with ranged weapons and melee
   (+3).
   SInv:      It lets you see invisible.
 Y - the ring "Zaeczubi" (right claw) {rElec rPois MP+9 Int-5 Dex+6}
   (You found it on level 9 of the Dungeon)

   [ring of dexterity]

   Int-5:     It affects your intelligence (-5).
   Dex+6:     It affects your dexterity (+6).
   rElec:     It insulates you from electricity.
   rPois:     It protects you from poison MP+9: It affects your magic capacity
   (+9).
 Z - the ring "Haetrov" {rElec rN+ rCorr Dex+4 Slay-3}
   (You found it on level 14 of the Dungeon)

   [ring of positive energy]

   Dex+4:     It affects your dexterity (+4).
   Slay-3:    It affects your accuracy & damage with ranged weapons and melee
   (-3).
   rElec:     It insulates you from electricity.
   rN+:       It protects you from negative energy.
   rCorr:     It protects you from acid and corrosion.
Wands
 l - a wand of roots (16)
 z - a wand of polymorph (49)
 C - a wand of charming (45)
 E - a wand of digging (17)
 N - a wand of mindburst (20)
 P - a wand of flame (9)
 R - a wand of light (12)
Scrolls
 a - 5 scrolls of poison
 e - a scroll of torment
 f - 8 scrolls of immolation
 o - a scroll of blinking
 v - 10 scrolls of enchant armour
 D - 9 scrolls of teleportation
 F - 6 scrolls of amnesia
 I - 3 scrolls of vulnerability
 J - 4 scrolls of fear
 O - 5 scrolls of fog
 V - 5 scrolls of butterflies
Potions
 c - 4 potions of cancellation
 k - a potion of haste
 m - 4 potions of heal wounds
 n - 24 potions of curing
 p - 6 potions of brilliance
 r - 3 potions of berserk rage
 t - 2 potions of might
 u - 4 potions of mutation
 G - 6 potions of enlightenment
 H - 4 potions of resistance
 L - a potion of magic
 S - 18 potions of ambrosia
 T - 6 potions of invisibility
Miscellaneous
 j - a condenser vane (inert)
 K - a sack of spiders
 Q - a phantom mirror
 W - a phial of floods
 X - a lightning rod (4/4)


   Skills:
 + Level 22.6 Fighting
 * Level 17.6 Throwing
 - Level 15.0 Armour
 - Level 15.0 Dodging
 * Level 18.2 Shields
 - Level 21.6 Unarmed Combat
 - Level 10.0 Evocations
 - Level 4.2 Shapeshifting


You had 26 spell levels left.
You didn't know any spells.
Your spell library contained the following spells:

 Spells                   Type           Power      Damage    Failure   Level
 Apportation              Tloc           0%         N/A       100%        1
 Freeze                   Ice            0%         1d3       100%        1
 Kiss of Death            Conj/Necr      0%         2d5       100%        1
 Necrotise                Necr           0%         1d4       100%        1
 Summon Small Mammal      Summ           0%         N/A       100%        1
 Cigotuvi's Dreadful Rot  Necr/Pois/Air  0%         N/A       100%        2
 Passwall                 Tmut/Erth      0%         N/A       100%        2
 Poisonous Vapours        Pois/Air       0%         N/A       100%        2
 Scorch                   Fire           0%         2d5       100%        2
 Sublimation of Blood     Necr           0%         N/A       100%        2
 Wereblood                Tmut           0%         N/A       100%        2
 Confusing Touch          Hex            0%         N/A       100%        3
 Dazzling Flash           Conj/Hex       0%         N/A       100%        3
 Frozen Ramparts          Ice            0%         1d1       100%        3
 Gell's Gravitas          Tloc           0%         N/A       100%        3
 Hailstorm                Conj/Ice       0%         3d3       100%        3
 Ignite Poison            Fire/Tmut/Pois 0%         N/A       100%        3
 Mephitic Cloud           Conj/Pois/Air  0%         N/A       100%        3
 Ozocubu's Armour         Ice            0%         N/A       100%        3
 Stone Arrow              Conj/Erth      0%         3d7       100%        3
 Summon Guardian Golem    Hex/Summ       0%         N/A       100%        3
 Teleport Other           Tloc           0%         N/A       100%        3
 Vampiric Draining        Necr           0%         2d6       100%        3
 Volatile Blastmotes      Fire/Tloc      0%         2d10      100%        3
 Anguish                  Hex/Necr       0%         N/A       100%        4
 Animate Dead             Necr           0%         N/A       100%        4
 Cause Fear               Hex            0%         N/A       100%        4
 Dispel Undead            Necr           0%         3d6       100%        4
 Iskenderun's Mystic Bla  Conj/Tloc      0%         2d3       100%        4
 Leda's Liquefaction      Hex/Erth       0%         N/A       100%        4
 Manifold Assault         Tloc           0%         N/A       100%        4
 Petrify                  Tmut/Erth      0%         N/A       100%        4
 Summon Ice Beast         Ice/Summ       0%         N/A       100%        4
 Summon Lightning Spire   Summ/Air       0%         N/A       100%        4
 Vhi's Electric Charge    Tloc/Air       0%         N/A       100%        4
 Agony                    Necr           0%         N/A       100%        5
 Arcjolt                  Conj/Air       0%         1d10      100%        5
 Borgnjor's Vile Clutch   Necr/Erth      0%         N/A       100%        5
 Fireball                 Conj/Fire      0%         3d3       100%        5
 Freezing Cloud           Conj/Ice/Air   0%         6-21      100%        5
 Lee's Rapid Deconstruct  Erth           0%         3d4*      100%        5
 Metabolic Englaciation   Hex/Ice        0%         N/A       100%        5
 Silence                  Hex/Air        0%         N/A       100%        5
 Conjure Ball Lightning   Conj/Air       0%         3x3d6     100%        6
 Death Channel            Necr           0%         N/A       100%        6
 Dispersal                Tloc           0%         N/A       100%        6
 Eringya's Noxious Bog    Tmut/Pois      0%         4d6       100%        6
 Leda's Unmaking          Conj/Erth      0%         9d1       100%        6
 Plasma Beam              Fire/Air       0%         2x1d10    100%        6
 Simulacrum               Ice/Necr       0%         N/A       100%        6
 Starburst                Conj/Fire      0%         6d3       100%        6
 Enfeeble                 Hex            0%         N/A       100%        7
 Haunt                    Necr/Summ      0%         N/A       100%        7
 Orb of Destruction       Conj           0%         9d5       100%        7
 Ozocubu's Refrigeration  Ice            0%         4d7       100%        7
 Spellforged Servitor     Conj/Summ      0%         N/A       100%        7
 Summon Hydra             Summ           0%         N/A       100%        7
 Borgnjor's Revivificati  Necr           0%         N/A       100%        8
 Disjunction              Tloc           0%         N/A       100%        8
 Infestation              Necr           0%         N/A       100%        8
 Maxwell's Capacitive Co  Air            0%         ∞         100%        8
 Death's Door             Necr           0%         N/A       100%        9
 Polar Vortex             Ice            0%         N/A       100%        9


Dungeon Overview and Level Annotations

Branches:
Dungeon (15/15)            Temple (1/1) D:4            Lair (5/5) D:9
  Swamp (4/4) Lair:3       Spider (4/4) Lair:2        Slime (0/5) Lair:4
    Orc (2/2) D:9             Elf (3/3) Orc:2        Vaults (5/5) D:14
  Crypt (0/3) Vaults:2     Depths (4/4) D:15            Zot (5/5) Depths:4
Ossuary (visited)           IceCv (visited)         Desolation (visited)

Altars:
Ashenzari
Cheibriados
Dithmenos
Elyvilon
Fedhas
Gozag
Hepliaklqana
Kikubaaqudgha
Makhleb
Nemelex Xobeh
Okawaru
Qazlal
Ru
Sif Muna
Trog
Uskayaw
Vehumet
Wu Jian
Xom
Yredelemnul
Zin
The Shining One
Jiyva

Shops:
D:8 [   Orc:2 *?*[   Elf:1 *   Depths:4 *!:!

Portals:
Hell: Depths:1 Depths:2 Depths:3 Depths:4
Abyss: Depths:2 Depths:3
Pandemonium: Depths:2
Ziggurat: Depths:2
Trove: Vaults:4 (give 5 scrolls of blinking)

Annotations:
D:10 1 runed translucent door
D:11 1 runed translucent door
Zot:2 2 transporters, exclusion: orange crystal statue


Innate Abilities, Weirdness & Mutations

You are too large for most types of armour.
You have claws for hands.
Your natural rate of healing is unusually fast.
You are covered in fur. (AC +1)
You have tough skin. (AC +1)
You have a pair of small antennae on your head.
You have razor-sharp toenails.
You are partially covered in iridescent scales. (AC +2)
You are partially covered in large bone plates. (SH +4)
Your skin changes colour to match your surroundings (Stealth+).
You possess an exceptional clarity of mind.
Armour fits poorly on your strangely shaped body.
Your body sometimes deteriorates upon taking damage.
Your flesh is heat resistant. (rF+)
Your magical capacity is very low. (-20% MP)
You are strong-willed. (Will+)
You passively map a small area around you.
You are occasionally teleported next to monsters.
You sometimes lose the ability to drink potions when taking damage.
You occasionally lose the ability to read scrolls when taking damage.
Your movements are slightly less encumbered by armour. (ER -2)


Message History

The rock shatters into small pieces.
There is a stone staircase leading up here.
You fly upwards.
There is a stone staircase leading down here.
An Ice Fiend comes into view.
There is a stone staircase leading up here.
The Ice Fiend moves out of view.
You feel very mighty all of a sudden.
You throw a large rock. The large rock hits the Ice Fiend!
The Ice Fiend is lightly wounded.
Xom's power touches on your mind for a moment.
The Ice Fiend looks rather confused.
You throw a large rock. The large rock hits the Ice Fiend!!!
The Ice Fiend is severely wounded.
You throw a large rock. The large rock hits the Ice Fiend!!!
You kill the Ice Fiend!
There is a stone staircase leading up here.
You fly upwards.
There is a stone staircase leading down here.
There is a stone staircase leading down here.
There is an open door here.
There is an open door here.
You sense a monster nearby.
There is a stone staircase leading up here.
You feel a little less mighty now.
A tormentor comes into view.
There is a stone staircase leading up here.
There is a stone staircase leading up here.
You fly upwards.
There is a stone staircase leading down here.
Aiming: Dig
Press: ? - help, Shift-Dir - straight line This square is covered in magical glow.
The rock shatters into small pieces.
There is a stone staircase leading up here.
You fly upwards.
There is a stone staircase leading down here.
There is a staircase leading out of the dungeon here.
Char dumped successfully.
You have escaped!

##########.###########.#
#..#.............#..##.#
#.#...............#.##.#
##.......#.#.......###.####
#....).#.#.#.#......#..#...
#.....##.#.#.##.....#......
#.......⌠#.#⌠.).....#......
###..#######.#######..#......
#...........@................
#.#..#######.#######..#......
#.#..... .⌠#.#⌠.......#......
#.#.....##.#.#^##.....#......
#.#......#.#.#.#......#......
#.##.......#.#.......##......
#.# #...............#.##.....
#.# #......†......#.. #.#...
#.##########.######### #..)..


There were no monsters in sight!

Vanquished Creatures
  5 dread liches
  4 ancient liches (Zot:5)
  6 orbs of fire
  Josephina (Zot:2)
  Vv (Zot:2)
  The ghost of Alunk the Bludgeoner, a legendary GnFi of Cheibriados (Zot:2)
  Margery (Vaults:2)
  2 shard shrikes (Depths:3)
  Bai Suzhen (Vaults:2)
  3 curse toes
  3 Killer Klowns
  the Enchantress (Depths:3)
  10 golden dragons
  Nikola (Swamp:2)
  3 Tzitzimimeh
  2 doom hounds (Zot:2)
  3 electric golems
  A hellephant (Depths:3)
  An iron giant (Depths:3)
  Arachne (Spider:4)
  30 Orb Guardians
  A Hell Sentinel (D:10)
  Mlioglotl (Swamp:4)
  6 titans
  An Ice Fiend (D:4)
  Grunn (Zot:2)
  The ghost of Asunaom the Warrior, an adept HOFi of Beogh (Vaults:3)
  4 liches
  2 deep elf master archers (Elf:3)
  2 deep elf blademasters (Elf:3)
  18 tentacled monstrosities
  A sphinx (shapeshifter) (Vaults:5)
  3 sphinxes
  12 quicksilver dragons
  An Executioner (Depths:4)
  Kirke (Swamp:2)
  8 death cobs
  4 tengu reavers
  19 storm dragons
  A thorn hunter (Swamp:4)
  Aizul (Swamp:2)
  Donald (Vaults:2)
  10 shadow dragons
  8 draconian monks
  3 fenstrider witches
  7 draconian knights
  9 frost giants
  13 fire giants
  Roxanne (Swamp:1)
  4 revenants (Vaults:3)
  5 draconian scorchers
  3 emperor scorpions
  4 deep elf sorcerers (Elf:3)
  5 iron dragons
  5 deep elf elementalists (Elf:3)
  Louise (Swamp:2)
  7 ghost moths
  19 vault wardens
  5 draconian shifters
  The ghost of Nebesus the Tortoise, a journeyman AtFi of Okawaru (Lair:5)
  A juggernaut zombie (Depths:1)
  A curse skull (Vaults:2)
  16 ironbound preservers
  28 very ugly things
  A balrug (Depths:1)
  6 draconian stormcallers
  3 draconian annihilators
  An orc warlord (Orc:2)
  4 spriggan defenders
  5 ironbound thunderhulks
  8 war gargoyles
  2 formless jellyfish
  2 reapers (IceCv)
  4 broodmothers
  17 stone giants
  The ghost of Shym the Wallflower, a journeyman VSFi of Uskayaw (D:14)
  The ghost of initializr the Lord of Darkness, a journeyman TeSu of Kikubaaqudgha (Orc:2)
  2 vampire knights
  7 deep elf demonologists
  6 deep elf annihilators
  4 eleionomae
  17 green draconians
  10 spark wasps
  6 dire elephants (Vaults:4)
  5 bunyips
  13 purple draconians
  13 white draconians
  11 red draconians
  14 yellow draconians
  16 black draconians
  Snorg (Orc:2)
  The ghost of wazuzu the Unseen, a journeyman KoAr of Ru (Lair:2)
  15 ettins
  2 halazid warlocks (Desolation)
  4 crystal guardians
  4 ragged hierophants (Desolation)
  9 fire dragons
  A blizzard demon (D:13)
  10 deep elf death magi
  4 entropy weavers
  12 yaktaur captains
  A merfolk javelineer (Depths:2)
  5 great orbs of eyes
  3 deep elf high priests
  Fannar (D:11)
  43 vault guards
  A shambling mangrove (Swamp:4)
  7 ice dragons
  3 rakshasas
  A hell beast (Depths:2)
  3 catoblepae
  21 centaur warriors
  5 servants of whispers (Desolation)
  A merfolk avatar (Lair:5)
  8 peacekeepers
  8 alligators
  17 hydras
  2 quicksilver dragon skeletons (Depths:1)
  2 caustic shrike simulacra (IceCv)
  3 radroaches (Spider:4)
  5 spriggan air magi
  10 ironbound frosthearts
  2 ogre magi
  13 boulder beetles
  8 two-headed ogres
  An alligator snapping turtle (Depths:3)
  6 deep troll earth magi
  5 jorogumos (Spider:4)
  6 tengu warriors
  8 deep troll shamans
  A two-headed ogre (shapeshifter) (Vaults:5)
  4 orc high priests
  5 demonic crawlers
  26 dancing weapons
  A vampire mage (Depths:3)
  Urug (Orc:1)
  3 hell hogs
  25 deep elf knights
  9 spriggan berserkers
  14 hell knights
  9 sun demons
  2 fire crabs (Swamp:4)
  8 skysharks
  Nergalle (D:11)
  9 pharaoh ants
  2 soul eaters (Depths:2)
  2 iron trolls (Depths:1)
  2 shadow wraiths
  6 goliath frogs
  A skeletal warrior (D:9)
  A flayed ghost (Depths:1)
  A sun moth (Spider:4)
  3 swamp dragons (Swamp:4)
  A glowing orange brain (shapeshifter) (Vaults:4)
  53 deep trolls
  11 orb spiders
  4 glowing orange brains
  Pikel (D:4)
  7 bog bodies
  3 spriggan druids
  5 phantasmal warriors
  2 spectral wolf spiders (Spider:4)
  15 deep elf archers
  8 orc knights
  2 obsidian statues (IceCv)
  5 orange crystal statues
  7 wizards
  4 lindwurms
  A lindwurm (shapeshifter) (Vaults:3)
  A harpy (D:14)
  5 steelbarb worms
  3 tengu zombies
  27 ironbound convokers
  33 deep elf zephyrmancers
  2 spectral boulder beetles (Lair:5)
  5 orc sorcerers
  2 wolf spider zombies (Spider:4)
  8 necromancers
  10 will-o-the-wisps
  29 deep elf pyromancers
  4 manticores
  2 salamanders
  A shining eye (shapeshifter) (D:14)
  28 wolf spiders
  60 ugly things
  9 cyclopes
  A frost giant skeleton (Depths:1)
  2 moths of wrath (shapeshifter)
  A cyclops (shapeshifter) (Vaults:5)
  An ice statue (Lair:2)
  33 moths of wrath
  4 black mambas
  A stone giant zombie (Vaults:4)
  An apocalypse crab (Spider:2)
  22 vault sentinels
  6 molten gargoyles (Desolation)
  A guardian serpent (Desolation)
  20 elephants
  3 smoke demons
  15 cane toads
  3 gargoyles
  2 unseen horrors (shapeshifter)
  A hellion (Depths:2)
  A storm dragon simulacrum (Zot:2)
  An efreet (D:9)
  7 torpor snails
  A kobold demonologist (D:9)
  A tormentor (Zot:4)
  2 unseen horrors
  3 golden dragon simulacra
  28 yaktaurs
  3 rime drakes
  8 komodo dragons
  12 freezing wraiths
  A ghost moth simulacrum (Zot:2)
  6 tengu conjurers
  4 ice devils
  A human skeleton (Vaults:4)
  A hellwing (Depths:2)
  10 trolls
  7 meliai
  5 polar bears (Lair:5)
  A bloated husk (Swamp:4)
  A queen bee (D:10)
  5 tyrant leeches
  A troll (shapeshifter) (D:14)
  A tarantella (shapeshifter) (D:14)
  33 hornets
  8 wolf spider simulacra (Spider:4)
  21 tarantellas
  5 dream sheep (Lair:4)
  28 saltlings
  7 blink frogs
  A culicivora (shapeshifter) (Vaults:5)
  2 ettin zombies (Vaults:2)
  A spriggan zombie (Depths:1)
  A spriggan (shapeshifter) (D:9)
  A stone giant simulacrum (Depths:1)
  20 slime creatures
  2 air elementals
  19 culicivoras
  A spectral black mamba (Lair:5)
  35 spriggans
  2 large abominations (Depths:4)
  2 shadows
  A vampire (D:11)
  A dire elephant simulacrum (IceCv)
  25 jumping spiders
  5 wyverns
  An elf skeleton (Vaults:2)
  2 ynoxinuls (Depths:2)
  8 water elementals
  Eustachio (D:5)
  51 yaks
  6 wraiths
  6 fire elementals
  19 humans (D:14)
  A yak (shapeshifter) (D:15)
  4 basilisks
  A hog (shapeshifter) (D:9)
  2 fire bats (Swamp:4)
  3 hogs (Swamp:2)
  56 redbacks
  9 steam dragons
  A death yak simulacrum (Lair:5)
  10 vampire mosquitoes
  A minotaur simulacrum (IceCv)
  A glowing shapeshifter zombie (Depths:1)
  A purple draconian simulacrum (Zot:2)
  19 swamp worms
  A naga (Spider:3)
  2 acid dragons
  2 wargs
  A floating eye (Depths:2)
  Duvessa (D:6)
  4 hell hounds (Zot:5)
  4 hydra simulacra
  38 orc warriors
  18 water moccasins
  A floating eye (shapeshifter) (Elf:1)
  6 swamp drakes (Swamp:4)
  A moth of wrath simulacrum (Zot:2)
  A sky beast (D:7)
  2 ice beasts
  5 ettin simulacra
  2 black bears (D:7)
  11 ogres
  An ogre (shapeshifter) (Vaults:5)
  A boggart (D:14)
  9 wolves
  3 centaurs
  A lemure (D:4)
  6 earth elementals
  4 scorpions
  15 bullfrogs
  8 wights
  A lindwurm simulacrum (IceCv)
  38 killer bees
  7 electric eels
  9 howler monkeys
  A lava snake (Swamp:4)
  3 centaur zombies (Ossuary)
  4 human zombies
  2 jellies
  Crazy Yiuf (D:7)
  24 orc priests
  5 gnoll boudas
  A hound (D:5)
  3 iguanas
  4 sleepcaps
  Natasha (twice) (D:2)
  26 orc wizards
  7 hell rats
  A centaur simulacrum (D:9)
  2 hound zombies (Ossuary)
  3 mummies (Ossuary)
  25 gnolls
  6 adders
  A river rat (D:9)
  A shadow imp (D:7)
  A white imp (D:5)
  An ufetubus (D:5)
  6 adder zombies (Ossuary)
  3 worms
  3 dart slugs
  133 orcs
  14 endoplasms
  3 giant cockroaches
  7 goblins
  7 hobgoblins
  A jackal (Lair:1)
  4 kobolds
  4 quokkas
  9 ball pythons
  8 bats
  A frilled lizard (D:2)
  A gnoll zombie (Ossuary)
  3 goblin zombies (Ossuary)
  2 hobgoblin zombies (Ossuary)
  3 jackal zombies (Ossuary)
  5 kobold zombies (Ossuary)
  2 orc zombies (Ossuary)
  3 quokka zombies (Ossuary)
  5 rats (D:1)
  A rat zombie (Ossuary)
2468 creatures vanquished.

Vanquished Creatures (collateral kills)
  A draconian annihilator (Zot:5)
  A two-headed ogre (Vaults:3)
  A deep elf archer (Elf:3)
  3 ironbound convokers
  A vault sentinel (Vaults:3)
  A cane toad (Lair:4)
  2 meliai (Spider:2)
  Prince Ribbit (D:5)
  2 hornets
  A saltling (Desolation)
  A dream sheep (Lair:4)
  A yak (Lair:4)
  An ice beast (D:6)
  2 orc warriors
  A phantom (D:6)
  Dowan (D:6)
  2 orc priests
  A sleepcap (D:6)
  An orc wizard (Orc:2)
  An adder (D:5)
  6 orcs
32 creatures vanquished.

Vanquished Creatures (others)
  A draconian knight (Zot:4)
  An ironbound preserver (Vaults:2)
  A hydra (Swamp:4)
  A dancing weapon (Vaults:3)
  A deep elf knight (Elf:1)
  An ironbound convoker (Desolation)
  A spectral wolf spider (Spider:4)
  2 deep elf pyromancers
  A deep elf zephyrmancer (Elf:3)
  2 ugly things (Vaults:3)
  A cane toad (Lair:4)
  3 bloated husks
  An air elemental (Elf:3)
  A water elemental (Elf:2)
  A steam dragon (Swamp:4)
  A basilisk (Lair:4)
  A water moccasin (Lair:4)
  A swamp drake (Swamp:4)
  An orc priest (Orc:2)
  4 orcs
  29 foxfires
56 creatures vanquished.

Grand Total: 2556 creatures vanquished

Notes
Turn   | Place    | Note
-------+----------+-------------------------------------------
     0 | D:1      | octothorp the Troll Chaos Knight began the quest for the
                  | Orb.
     0 | D:1      | Reached XP level 1. HP: 22/22 MP: 0/0
   102 | D:1      | Reached XP level 2. HP: 29/29 MP: 1/1
   325 | D:1      | Got the Textbook on Zombies and Portals
   419 | D:1      | Reached XP level 3. HP: 36/36 MP: 2/2
   594 | D:2      | XOM is BORED!
   594 | D:2      | XOM: 3-stop teleportation journey
   648 | D:2      | Reached skill level 3 in Fighting
   806 | D:2      | Found an iron altar of Okawaru.
   850 | D:2      | Noticed Natasha
   856 | D:2      | Killed Natasha
   857 | D:2      | Reached XP level 4. HP: 45/45 MP: 3/3
   932 | D:2      | Noticed Natasha
   942 | D:2      | Killed Natasha
  1037 | D:3      | XOM: stat loss: -1 Str (21/22)
  1088 | D:3      | Reached skill level 5 in Unarmed Combat
  1088 | D:3      | Reached XP level 5. HP: 53/53 MP: 4/4
  1188 | D:3      | XOM: silly message
  1360 | D:3      | Found a blossoming altar of Fedhas.
  1362 | D:3      | Found a broken altar of Ashenzari.
  1362 | D:3      | Found a glowing silver altar of Zin.
  1367 | D:3      | Found an opulent altar of Gozag.
  1462 | D:3      | Found a faded altar of an unknown god.
  1759 | D:4      | XOM is BORED!
  1773 | D:4      | Found a sand-covered staircase.
  1782 | Ossuary  | XOM: stealth player
  1782 | Ossuary  | Entered an ossuary
  1851 | Ossuary  | XOM: blink monster(s)
  1969 | Ossuary  | Reached XP level 6. HP: 62/62 MP: 5/5
  2030 | Ossuary  | Reached skill level 4 in Fighting
  2135 | D:4      | XOM: 1-stop teleportation journey
  2154 | D:4      | Noticed Pikel
  2160 | D:4      | XOM: butterfly on damage
  2163 | D:4      | XOM: destruction
  2166 | D:4      | XOM: divination: detect items
  2189 | D:4      | Killed Pikel
  2190 | D:4      | Reached skill level 5 in Fighting
  2190 | D:4      | Reached XP level 7. HP: 9/72 MP: 6/6
  2333 | D:4      | Found a staircase to the Ecumenical Temple.
  2342 | Temple   | Entered the Ecumenical Temple
  2571 | D:4      | XOM: 1-stop teleportation journey
  2629 | D:4      | XOM: silly message
  2710 | D:4      | XOM: give mutations
  2710 | D:4      | Gained mutation: You are partially covered in iridescent
                  | scales. (AC +2) [Xom's mischief]
  2710 | D:4      | Gained mutation: Your spells are a little harder to cast,
                  | but a little more powerful. [Xom's mischief]
  3005 | D:5      | Entered Level 5 of the Dungeon
  3072 | D:5      | Reached XP level 8. HP: 80/80 MP: 7/7
  3081 | D:5      | Noticed Prince Ribbit
  3082 | D:5      | XOM: summons 8 friendly demons
  3101 | D:5      | Killed Prince Ribbit
  3155 | D:5      | XOM: summons friendly white imp
  3356 | D:5      | Noticed Eustachio
  3361 | D:5      | Killed Eustachio
  3613 | D:5      | Found a shimmering blue altar of Sif Muna.
  3638 | D:5      | Reached skill level 6 in Fighting
  3819 | D:6      | XOM: repel stairs
  3829 | D:6      | XOM: 6-stop teleportation journey
  3846 | D:6      | Reached skill level 10 in Unarmed Combat
  3849 | D:6      | Reached XP level 9. HP: 89/89 MP: 8/8
  3891 | D:6      | Found a hazy altar of Hepliaklqana.
  3892 | D:6      | Found a shimmering altar of Xom.
  3892 | D:6      | Noticed a green ugly thing
  3893 | D:6      | Noticed a spectral ugly thing
  3893 | D:6      | Noticed a white ugly thing
  3976 | D:6      | Noticed Duvessa
  3976 | D:6      | Noticed Dowan
  3983 | D:6      | Killed Dowan
  3989 | D:6      | Killed Duvessa
  4174 | D:6      | XOM: summons 5 hostile demons
  4479 | D:7      | Reached skill level 7 in Fighting
  4845 | D:7      | XOM: noise
  4920 | D:7      | Found a runed translucent door.
  4921 | D:7      | Noticed Crazy Yiuf
  4926 | D:7      | Killed Crazy Yiuf
  4929 | D:7      | XOM: summons 4 hostile shadow creatures
  5091 | D:7      | XOM: enchant monster (bad)
  5153 | D:7      | Found a sparkling altar of Nemelex Xobeh.
  5189 | D:7      | Found a glowing golden altar of the Shining One.
  5189 | D:7      | Found an ancient bone altar of Kikubaaqudgha.
  5263 | D:7      | XOM: summons 4 hostile demons
  5390 | D:8      | Reached XP level 10. HP: 80/102 MP: 9/9
  5611 | D:8      | XOM: blink monster(s)
  5623 | D:8      | XOM: swap monsters
  5631 | D:8      | XOM: enchant monster (bad)
  5632 | D:8      | XOM: blink monster(s)
  5694 | D:8      | Noticed a two-headed ogre
  5704 | D:8      | XOM: confuse monster(s)
  5707 | D:8      | XOM: chaos cloud
  5710 | D:8      | Killed a two-headed ogre
  5711 | D:8      | Reached skill level 8 in Fighting
  5910 | D:8      | Noticed a brown ugly thing
  6074 | D:8      | XOM: stat loss: -1 Int (7/8)
  6200 | D:8      | XOM: 1-stop teleportation journey
  6402 | D:8      | XOM: divination: detect items
  6405 | D:8      | Found Dadd's Armour Boutique.
  6548 | D:9      | XOM: divination: magic mapping
  6650 | D:9      | XOM: cast spell 'Leda's Liquefaction'
  6706 | D:9      | XOM: polymorph something unseen -> river rat
  6739 | D:9      | Found a staircase to the Orcish Mines.
  6742 | D:9      | XOM: enchant monster (good)
  6742 | D:9      | Noticed a two-headed ogre
  6743 | D:9      | XOM: 2-stop teleportation journey
  6936 | D:9      | Found a staircase to the Lair.
  7272 | D:9      | XOM: 1-stop teleportation journey
  7335 | D:9      | XOM: summons friendly quasit
  7474 | D:9      | XOM: divination: detect creatures
  7479 | D:9      | Reached XP level 11. HP: 113/113 MP: 10/10
  7480 | D:9      | Killed a two-headed ogre
  7503 | D:9      | XOM: 1-stop teleportation journey
  7629 | D:9      | XOM: scenery: 1 doors open
  7676 | D:9      | Reached skill level 9 in Fighting
  7707 | D:9      | Noticed a skeletal warrior
  7711 | D:9      | Noticed a centaur warrior
  7711 | D:9      | Noticed a boulder beetle
  7711 | D:9      | Noticed a wizard
  7711 | D:9      | Noticed a centaur warrior
  7733 | D:9      | Killed a centaur warrior
  7736 | D:9      | Killed a wizard
  7736 | D:9      | XOM: summons 2 friendly demons
  7739 | D:9      | XOM: cleaving
  7748 | D:9      | Killed a boulder beetle
  7760 | D:9      | Killed a centaur warrior
  7761 | D:9      | Reached skill level 15 in Unarmed Combat
  7848 | D:9      | Killed a brown ugly thing
  7985 | D:10     | Entered Level 10 of the Dungeon
  8048 | D:9      | XOM: divine lightning
  8052 | D:9      | Killed a skeletal warrior
  8103 | Lair:1   | Entered Level 1 of the Lair of Beasts
  8234 | Lair:1   | XOM: polymorph butterfly -> jackal
  8358 | Lair:1   | Found the +5 robe of Night {Dark Will+ SInv}
  8389 | Lair:1   | XOM: scenery: summon butterflies
  8856 | Lair:1   | Reached skill level 10 in Fighting
  9015 | Lair:1   | XOM: give mutation
  9015 | Lair:1   | Gained mutation: You have a somewhat thin skeletal
                  | structure. (Dex +2, Stealth+) [Xom's grace]
  9038 | Lair:2   | Found a transporter.
  9084 | Lair:2   | Noticed a catoblepas
  9092 | Lair:2   | Killed a catoblepas
  9093 | Lair:2   | Reached XP level 12. HP: 98/126 MP: 11/11
  9094 | Lair:2   | Noticed wazuzu's ghost (journeyman KoAr)
  9094 | Lair:2   | Noticed a five-headed hydra
  9173 | Lair:2   | Reached skill level 1 in Throwing
  9305 | Lair:2   | XOM: cloud trail
  9335 | Lair:2   | Reached skill level 5 in Throwing
  9518 | Lair:2   | Found a radiant altar of Vehumet.
  9588 | Lair:2   | Found a transporter.
  9648 | Lair:2   | XOM: summons friendly crimson imp
  9656 | Lair:2   | XOM: summons friendly ufetubus
  9666 | Lair:2   | XOM: fake destruction
  9690 | Lair:2   | Found a hole to the Spider Nest.
  9783 | Lair:2   | XOM: destruction
  9792 | Lair:2   | XOM: summons 2 friendly demons
 10069 | Lair:3   | XOM: give mutations
 10069 | Lair:3   | Gained mutation: Your flesh is cold resistant. (rC+) [Xom's
                  | grace]
 10069 | Lair:3   | Gained mutation: You have sharp toenails. [Xom's grace]
 10069 | Lair:3   | Gained mutation: You are mostly covered in iridescent
                  | scales. (AC +4) [Xom's grace]
 10069 | Lair:3   | Gained mutation: Your movements are slightly less
                  | encumbered by armour. (ER -2) [Xom's grace]
 10226 | Lair:3   | XOM: give mutations
 10226 | Lair:3   | Gained mutation: You are completely covered in iridescent
                  | scales. (AC +6) [Xom's grace]
 10226 | Lair:3   | Gained mutation: You are strong-willed. (Will+) [Xom's
                  | grace]
 10226 | Lair:3   | Gained mutation: Your muscles are strong. (Str +4, Int/Dex
                  | -1) [Xom's grace]
 10226 | Lair:3   | Gained mutation: Your system is resistant to poisons.
                  | (rPois) [Xom's grace]
 10325 | Lair:3   | XOM: god gift: troll leather armour {god gift}
 10336 | Lair:3   | Found a staircase to the Swamp.
 10703 | Lair:4   | XOM: summons 2 friendly demons
 10731 | Lair:4   | XOM: summons 4 friendly demons
 10839 | Lair:4   | Reached XP level 13. HP: 133/133 MP: 12/12
 11060 | Lair:4   | XOM: divine lightning
 11087 | Lair:4   | XOM: cloud trail
 11186 | Lair:4   | Reached skill level 10 in Throwing
 11198 | Lair:4   | Reached skill level 1 in Evocations
 11200 | Lair:4   | XOM: silly message
 11235 | Lair:4   | XOM: confuse monster(s)
 11334 | Lair:4   | XOM: noise
 11337 | Lair:4   | XOM: enchant monster (good)
 11339 | Lair:4   | XOM: 1-stop teleportation journey
 11403 | Lair:4   | Found a viscous altar of Jiyva.
 11411 | Lair:4   | XOM: god gift: book of Hexes
 11428 | Lair:4   | Found a staircase to the Slime Pits.
 11445 | Lair:4   | XOM: enchant monster (good)
 11461 | Lair:4   | XOM: polymorph dream sheep -> glowing shapeshifter
 11502 | Lair:5   | Entered Level 5 of the Lair of Beasts
 11547 | Lair:5   | XOM: give mutations
 11547 | Lair:5   | Gained mutation: You possess an exceptional clarity of
                  | mind. [Xom's grace]
 11547 | Lair:5   | Gained mutation: You have a pair of small antennae on your
                  | head. [Xom's grace]
 11547 | Lair:5   | Lost mutation: You have sharp toenails. [Xom's grace]
 11547 | Lair:5   | Gained mutation: You have large cloven feet. [Xom's grace]
 11547 | Lair:5   | Gained mutation: Your flesh is heat resistant. (rF+) [Xom's
                  | grace]
 11769 | Lair:5   | XOM: silly message
 11868 | Lair:5   | XOM: potion effect (might)
 11869 | Lair:5   | XOM: silly message
 11871 | Lair:5   | Reached skill level 5 in Evocations
 11910 | Lair:5   | XOM: potion effect (heal wounds)
 12174 | Lair:5   | XOM: potion effect (heal wounds)
 12295 | Lair:5   | XOM: potion effect (might)
 12355 | Lair:5   | Found a runed translucent gate.
 12356 | Lair:5   | Found a runed translucent gate.
 12357 | Lair:5   | Found a runed translucent gate.
 12408 | Lair:5   | XOM: divination: detect creatures
 12478 | Lair:5   | XOM: noise
 12479 | Lair:5   | XOM: smoke on damage
 12480 | Lair:5   | XOM: divination: magic mapping
 12484 | Lair:5   | XOM: divination: magic mapping
 12506 | Lair:5   | Reached XP level 14. HP: 62/143 MP: 13/13
 12652 | Lair:5   | Got the Essays on Aerial Variation
 12799 | Lair:5   | Noticed Nebesus's ghost (journeyman AtFi)
 12828 | Lair:5   | XOM: enchant monster (bad)
 12832 | Lair:5   | Killed Nebesus's ghost
 12833 | Lair:5   | XOM: chaos cloud
 12834 | Lair:5   | XOM: smoke on damage
 12959 | Spider:1 | Entered Level 1 of the Spider Nest
 12972 | Spider:1 | XOM: polymorph redback -> skyshark
 12985 | Spider:1 | XOM: cleaving
 12996 | Spider:1 | XOM: god gift: lightning rod (4/4)
 13366 | Spider:1 | XOM: fog
 13518 | Spider:1 | XOM: confuse monster(s)
 13549 | Spider:1 | XOM: silly message
 13785 | Spider:1 | XOM: god gift: 5 stones
 13933 | Swamp:1  | Entered Level 1 of the Swamp
 13973 | Swamp:1  | Noticed Roxanne
 13993 | Swamp:1  | Reached skill level 10 in Evocations
 14284 | Swamp:1  | XOM: cast spell 'Summon Mana Viper'
 14286 | Swamp:1  | Killed Roxanne
 14473 | Swamp:1  | XOM: cast spell 'Call Canine Familiar'
 14632 | Swamp:1  | XOM: silly message
 14687 | Swamp:1  | XOM: silly message
 14706 | Swamp:1  | XOM: potion effect (brilliance)
 14708 | Swamp:1  | Reached skill level 1 in Shapeshifting
 15126 | D:10     | Found a runed translucent door.
 15129 | D:10     | Found the +10 tower shield of Ignorance {rN+ Int-4}
 15147 | D:10     | XOM: potion effect (haste)
 15155 | D:10     | Found a runed translucent door.
 15162 | D:10     | XOM: noise
 15402 | D:9      | XOM: silly message
 15476 | D:10     | XOM: noise
 15498 | D:10     | XOM: scenery: 1 doors close
 15714 | D:10     | XOM: summons 2 hostile shadow creatures
 15793 | D:11     | Reached skill level 1 in Shields
 15965 | D:11     | Found a runed translucent door.
 16091 | D:11     | Noticed Fannar
 16101 | D:11     | Killed Fannar
 16103 | D:11     | XOM: summons friendly iron imp
 16415 | D:11     | Noticed Nergalle
 16415 | D:11     | XOM: 5-stop teleportation journey
 16437 | D:11     | XOM: stat loss: -1 Int (2/3)
 16484 | D:11     | Killed Nergalle
 16581 | D:11     | Reached XP level 15. HP: 145/150 MP: 14/14
 17012 | D:12     | You fall into a shaft and drop 2 floors!
 17068 | D:13     | XOM: 7-stop teleportation journey
 17074 | D:13     | Reached skill level 5 in Shields
 17085 | D:13     | XOM: polymorph slime creature -> cane toad
 17137 | D:13     | Found a glowing golden altar of the Shining One.
 17170 | D:13     | Identified the +0 scale mail of Bueb Ymm {Str+3}
 17186 | D:13     | XOM: give mutation
 17186 | D:13     | Gained mutation: Your mind is acute. (Int +4, Str/Dex -1)
                  | [Xom's grace]
 17310 | D:12     | XOM: 6-stop teleportation journey
 17989 | D:14     | XOM: summons 3 hostile shadow creatures
 18027 | D:14     | XOM: silly message
 18144 | D:14     | XOM: noise
 18147 | D:14     | XOM: potion effect (attraction)
 18161 | D:14     | Identified the ring "Haetrov" {rElec rN+ rCorr Dex+4
                  | Slay-3}
 18218 | D:14     | XOM: silly message
 18326 | D:14     | XOM: divination: magic mapping
 18335 | D:14     | XOM: potion effect (brilliance)
 18338 | D:14     | XOM: cast spell 'Leda's Liquefaction'
 18420 | D:14     | XOM: enchant monster (good)
 18470 | D:14     | XOM is BORED!
 18505 | D:14     | XOM: god gift: 35 gold pieces
 18629 | D:14     | XOM: divination: detect items
 18645 | D:14     | XOM: divination: magic mapping
 18650 | D:14     | XOM: polymorph wizard -> glowing shapeshifter
 18694 | D:14     | Found a gate to the Vaults.
 18762 | D:14     | Found a runed translucent door.
 18763 | D:14     | Identified the +7 trident of the Shouting Gods {heavy,
                  | rPois rN+ rCorr Stlth+}
 18764 | D:14     | Noticed Shym's ghost (journeyman VSFi)
 18774 | D:14     | XOM: divination: detect items
 18780 | D:14     | XOM: blink monster(s)
 18792 | D:14     | Killed Shym's ghost
 18799 | D:14     | Reached skill level 10 in Shields
 18881 | D:15     | Entered Level 15 of the Dungeon
 18956 | D:15     | XOM: divination: detect items
 19072 | D:15     | Found a staircase to the Depths.
 19078 | D:15     | XOM: cast spell 'Cause Fear'
 19204 | D:15     | Reached skill level 11 in Fighting
 19232 | D:15     | XOM: confuse monster(s)
 20147 | D:9      | XOM: 2-stop teleportation journey
 20213 | D:9      | Reached XP level 16. HP: 165/165 MP: 15/15
 20213 | D:9      | XOM: potion effect (experience)
 20213 | D:9      | Reached skill level 12 in Fighting
 20213 | D:9      | Reached XP level 17. HP: 175/175 MP: 16/16
 20273 | D:9      | Reached skill level 13 in Fighting
 20273 | D:9      | Reached XP level 18. HP: 187/187 MP: 17/17
 20488 | D:9      | Identified the ring "Zaeczubi" {rElec rPois MP+9 Int-5
                  | Dex+6}
 20625 | Lair:2   | XOM is BORED!
 20656 | Lair:2   | XOM: confuse monster(s)
 20665 | Lair:2   | Reached skill level 14 in Fighting
 20684 | Lair:2   | Killed wazuzu's ghost
 20812 | Lair:3   | XOM: god gift: potion of curing
 21316 | Swamp:1  | XOM: cleaving
 21316 | Swamp:1  | XOM: smoke on damage
 21430 | Swamp:2  | Noticed Aizul
 21443 | Swamp:2  | Paralysed by a hornet for 1 turns
 21448 | Swamp:2  | XOM: summons 2 friendly demons
 21708 | Swamp:2  | Noticed Louise
 21720 | Swamp:2  | Killed Louise
 21757 | Swamp:2  | Killed Aizul
 21816 | Swamp:2  | XOM: polymorph swamp worm -> cyclops
 21912 | Swamp:2  | Noticed Kirke
 21921 | Swamp:2  | XOM: chaos cloud
 21923 | Swamp:2  | Killed Kirke
 21990 | Swamp:3  | XOM: noise
 21994 | Swamp:3  | XOM: blink monster(s)
 22111 | Swamp:3  | Noticed Nikola
 22119 | Swamp:2  | XOM: enchant monster (bad)
 22122 | Swamp:2  | XOM: enchant monster (bad)
 22128 | Swamp:2  | Killed Nikola
 22143 | Swamp:3  | XOM: summons 7 hostile demons
 22180 | Swamp:3  | XOM: smoke on damage
 22192 | Swamp:3  | XOM: repel stairs
 22502 | Swamp:3  | XOM: 8-stop teleportation journey
 22667 | Swamp:4  | Entered Level 4 of the Swamp
 22672 | Swamp:4  | XOM: give mutation
 22672 | Swamp:4  | Gained mutation: Your mind is very acute. (Int +8, Str/Dex
                  | -2) [Xom's grace]
 22782 | Swamp:4  | XOM: polymorph swamp drake -> howler monkey
 22783 | Swamp:4  | Noticed Mlioglotl
 22806 | Swamp:4  | Killed Mlioglotl
 22972 | Swamp:4  | XOM: god gift: 711 gold pieces
 23147 | Swamp:4  | XOM: polymorph swamp dragon -> moth of wrath
 23245 | Swamp:4  | XOM: divine lightning
 23282 | Swamp:4  | XOM: confuse monster(s)
 23424 | Swamp:4  | XOM: enchant monster (good)
 23551 | Swamp:4  | Found the +3 salamander hide armour {Flames, rFlCloud rF++
                  | rC--}
 23710 | Swamp:4  | Got a decaying rune of Zot
 23976 | Spider:1 | Reached XP level 19. HP: 170/197 MP: 18/18
 24043 | Spider:1 | XOM: give mutations
 24043 | Spider:1 | Lost mutation: You have large cloven feet. [Xom's grace]
 24043 | Spider:1 | Gained mutation: You have sharp toenails. [Xom's grace]
 24043 | Spider:1 | Gained mutation: You have an increased reservoir of magic.
                  | (+10% MP) [Xom's grace]
 24075 | Spider:2 | You fall into a shaft and drop 1 floor!
 24075 | Spider:3 | XOM: noise
 24198 | Spider:3 | XOM: blink monster(s)
 24517 | Spider:2 | XOM: cleaving
 24635 | Spider:2 | Found a frozen archway.
 24653 | Spider:2 | XOM: summons 8 friendly demons
 24716 | IceCv    | Entered an ice cave
 25413 | Spider:1 | XOM: god gift: wand of polymorph (2)
 25454 | Lair:2   | XOM: god gift: +2 dagger of protection
 26009 | Spider:2 | XOM: polymorph demonic crawler -> apocalypse crab
 26010 | Spider:2 | XOM: fog
 26051 | Spider:2 | XOM: scenery: create altars
 26201 | Spider:3 | Paralysed by a hornet for 2 turns
 26203 | Spider:3 | XOM: polymorph hornet -> naga
 26346 | Spider:3 | XOM: divine lightning
 26489 | Spider:3 | XOM: cloud trail
 26554 | Spider:3 | Reached skill level 5 in Dodging
 26618 | Spider:3 | XOM: confuse monster(s)
 26795 | Spider:4 | Entered Level 4 of the Spider Nest
 26814 | Spider:4 | XOM: summons 3 hostile demons
 26953 | Spider:4 | XOM: swap monsters
 26955 | Spider:4 | XOM: blink monster(s)
 27032 | Spider:4 | XOM: swap monsters
 27103 | Spider:4 | XOM: summons 10 hostile demons
 27370 | Spider:4 | XOM: give mutations
 27370 | Spider:4 | Lost mutation: You have a pair of small antennae on your
                  | head. [Xom's mischief]
 27370 | Spider:4 | Lost mutation: Your movements are slightly less encumbered
                  | by armour. (ER -2) [Xom's mischief]
 27370 | Spider:4 | Lost mutation: You have sharp toenails. [Xom's mischief]
 27631 | Spider:4 | XOM: give mutations
 27631 | Spider:4 | Lost mutation: Your muscles are strong. (Str +4, Int/Dex
                  | -1) [Xom's mischief]
 27631 | Spider:4 | Lost mutation: You have a somewhat thin skeletal structure.
                  | (Dex +2, Stealth+) [Xom's mischief]
 28179 | Spider:4 | XOM: give mutations
 28179 | Spider:4 | Lost mutation: Your spells are a little harder to cast, but
                  | a little more powerful. [Xom's mischief]
 28179 | Spider:4 | Lost mutation: Your system is resistant to poisons. (rPois)
                  | [Xom's mischief]
 28179 | Spider:4 | Gained mutation: Your flesh is very cold resistant. (rC++)
                  | [Xom's mischief]
 28404 | Spider:4 | XOM: noise
 28425 | Spider:4 | Reached XP level 20. HP: 61/206 MP: 2/21
 28439 | Spider:4 | XOM: enchant monster (good)
 28676 | Spider:4 | Reached skill level 10 in Dodging
 28696 | Spider:4 | XOM: polymorph emperor scorpion -> formless jellyfish
 28730 | Spider:4 | XOM: summons 8 friendly demons
 28744 | Spider:4 | Noticed Arachne
 28794 | Spider:4 | XOM: cleaving
 28802 | Spider:4 | XOM: summons friendly quasit
 28948 | Spider:4 | XOM: silly message
 29134 | Spider:4 | XOM: cleaving
 29143 | Spider:4 | Killed Arachne
 29425 | Spider:4 | Got a gossamer rune of Zot
 29476 | Spider:4 | Identified the scarf "Lylosse" {shadows, Fly Will++ Int+3}
 29661 | Spider:1 | XOM: give mutations
 29661 | Spider:1 | Gained mutation: You have a pair of small antennae on your
                  | head. [Xom's grace]
 29661 | Spider:1 | Gained mutation: Your muscles are strong. (Str +4, Int/Dex
                  | -1) [Xom's grace]
 29661 | Spider:1 | Gained mutation: You passively map a small area around you.
                  | [Xom's grace]
 29661 | Spider:1 | Gained mutation: You have very sharp teeth. [Xom's grace]
 29803 | Orc:1    | Entered Level 1 of the Orcish Mines
 30026 | Orc:1    | XOM: polymorph orc warrior -> killer bee
 30038 | Orc:1    | Noticed Urug
 30052 | Orc:1    | Killed Urug
 30236 | Orc:2    | Entered Level 2 of the Orcish Mines
 30443 | Orc:2    | XOM: god gift: morningstar {god gift}
 30496 | Orc:2    | Noticed Snorg
 30509 | Orc:2    | Killed Snorg
 30543 | Orc:2    | Found a runed translucent door.
 30545 | Orc:2    | Noticed initializr's ghost (journeyman TeSu)
 30560 | Orc:2    | Killed initializr's ghost
 30789 | Orc:2    | XOM: summons 13 friendly demons
 30802 | Orc:2    | XOM: fog
 30810 | Orc:2    | XOM: destruction
 30890 | Orc:2    | XOM: cloud trail
 31009 | Orc:2    | Found a staircase to the Elven Halls.
 31060 | Orc:2    | Found Boorocikk's Assorted Antiques.
 31060 | Orc:2    | Found Zicoc's Antique Armour Emporium.
 31068 | Orc:2    | Found Pocinaru's Magic Scroll Boutique.
 31068 | Orc:2    | Found Saimmice's General Store.
 31096 | Orc:2    | Bought a scroll of poison for 52 gold pieces
 31096 | Orc:2    | Bought a scroll of blinking for 97 gold pieces
 31096 | Orc:2    | Bought a scroll of fear for 52 gold pieces
 31098 | Orc:2    | Bought a scroll of revelation for 157 gold pieces
 31134 | Elf:1    | Entered Level 1 of the Elven Halls
 31242 | Elf:1    | XOM: divination: magic mapping
 31499 | Elf:1    | XOM: give mutations
 31499 | Elf:1    | Lost mutation: You have very sharp teeth. [Xom's mischief]
 31499 | Elf:1    | Lost mutation: You are completely covered in iridescent
                  | scales. (AC +6) [Xom's mischief]
 31499 | Elf:1    | Gained mutation: Your system is resistant to poisons.
                  | (rPois) [Xom's mischief]
 31653 | Elf:1    | XOM: fog
 31654 | Elf:1    | XOM: enchant monster (good)
 31672 | Elf:1    | XOM: 8-stop teleportation journey
 31780 | Elf:1    | XOM: silly message
 31815 | Elf:1    | Found Udwegy's CLEARANCE SALE!.
 31824 | Elf:1    | Bought a potion of curing for 15 gold pieces
 31921 | Elf:1    | Found a runed translucent gate.
 31921 | Elf:1    | Found a runed translucent gate.
 31921 | Elf:1    | Found a runed translucent gate.
 31923 | Elf:1    | Found a runed translucent gate.
 31925 | Elf:1    | Found a runed translucent gate.
 32002 | Elf:1    | Found a runed translucent gate.
 32264 | Elf:2    | Found a crumbling gateway.
 32284 | Elf:2    | XOM: potion effect (attraction)
 32291 | Elf:2    | Reached skill level 15 in Fighting
 32406 | Desolati | Entered the Desolation of Salt
 32487 | Desolati | XOM: potion effect (heal wounds)
 32548 | Desolati | XOM: enchant monster (good)
 32607 | Desolati | XOM: summons friendly quasit
 32618 | Desolati | XOM: confuse monster(s)
 32665 | Desolati | Identified the +9 dagger of Truncation {heavy, Int+5}
 32676 | Desolati | Got Daocet's Encyclopedia of Concussion
 32677 | Desolati | Identified the +3 ring mail "Isammok" {rC+ Slay+2}
 32678 | Desolati | Identified the ring of the Scarab {Ice Dex+4}
 32719 | Desolati | Identified the +5 robe "Ogiarixin" {rCorr Slay+3} (Xom
                  | gifted it to you in the Desolation of Salt)
 32719 | Desolati | XOM: god gift: +5 robe "Ogiarixin" {rCorr Slay+3}
 32766 | Desolati | Got the Quarto of Incineration
 32779 | Desolati | XOM: confuse monster(s)
 32895 | Desolati | Identified the +8 sling "Iseeng" {antimagic, rCorr}
 32898 | Desolati | Identified the +0 robe "Oclanu Geoti" {Rampage rC+ Int+5
                  | Dex-4}
 32955 | Desolati | XOM: divine lightning
 32957 | Desolati | XOM: scenery: create altars
 32963 | Desolati | XOM: cleaving
 33182 | Desolati | Got the Thoughts on Cadavers and Envenoming
 33198 | Desolati | Identified the ring of Imirch {AC+4 Str+3 Slay+3 SInv}
 33256 | Desolati | XOM: god gift: +4 broad axe of chaos
 33343 | Elf:2    | XOM: scenery: create altars
 33346 | Elf:2    | Reached skill level 16 in Fighting
 33490 | Elf:2    | Reached XP level 21. HP: 222/222 MP: 22/22
 33574 | Elf:2    | Found a runed translucent gate.
 33575 | Elf:2    | Found a runed translucent gate.
 33575 | Elf:2    | Found a runed translucent gate.
 33626 | Elf:2    | XOM: divination: magic mapping
 33649 | Elf:2    | XOM: fake destruction
 33753 | Elf:2    | XOM: summons 3 friendly demons
 33824 | Elf:2    | XOM: enchant monster (good)
 33825 | Elf:2    | XOM: scenery: summon butterflies
 33830 | Elf:2    | XOM: scenery: summon butterflies
 33901 | Elf:2    | Identified the amulet "Jyfuocoa" {RegenMP Int+2 Dex-4
                  | Slay+2} (Xom gifted it to you on level 2 of the Elven
                  | Halls)
 33901 | Elf:2    | XOM: god gift: amulet "Jyfuocoa" {RegenMP Int+2 Dex-4
                  | Slay+2}
 34065 | Elf:2    | XOM: silly message
 34132 | Elf:2    | XOM: 4-stop teleportation journey
 34156 | Elf:3    | Entered Level 3 of the Elven Halls
 34194 | Elf:3    | XOM: fog
 34200 | Elf:3    | Reached skill level 17 in Fighting
 34466 | Elf:3    | Paralysed by an air elemental for 1 turns
 34730 | Elf:3    | XOM: scenery: 2 doors close
 34815 | Elf:3    | XOM: summons 4 hostile demons
 35092 | Elf:3    | XOM: enchant monster (good)
 35131 | Elf:3    | XOM: cast spell 'Summon Mana Viper'
 35148 | Elf:3    | XOM: silly message
 35150 | Elf:3    | Reached skill level 18 in Fighting
 35427 | Elf:3    | XOM: smoke on damage
 35429 | Elf:3    | XOM: smoke on damage
 35453 | Elf:3    | Identified the ring "Daleis" {rN+ Will+ Dex+6}
 35557 | Elf:3    | Identified the +7 trident "Bikhlir" {holy, Dex+2}
 35557 | Elf:3    | Identified the ring "Tuacing" {Fly rN++ SInv Stlth-}
 35573 | Elf:3    | Identified the +9 bardiche of the Other Side {freeze,
                  | Dex+2}
 35783 | Elf:3    | Identified the ring "Kylo" {AC+4 Dex+3 SInv}
 35790 | Elf:3    | Identified the +4 falchion "Howeigru" {freeze, Int+3}
 35875 | Elf:3    | Got Sif Muna's Almanac of Topological Pyromancy
 35923 | Elf:3    | XOM: polymorph deep elf pyromancer -> elephant
 35947 | Elf:3    | Identified the +3 dagger of Wiapejet {speed, rPois Str+4
                  | Int-3}
 35951 | Elf:3    | Identified the ring "Vavysoliyk" {Fire rElec MP-9 Int+7
                  | Stlth-}
 35954 | Elf:3    | XOM: god gift: masterwork scale mail {god gift}
 35954 | Elf:3    | Identified the +5 scale mail "Bodet" {rPois Dex+3 Stlth+}
                  | (Xom gifted it to you on level 3 of the Elven Halls)
 36168 | Orc:2    | XOM: god gift: coiled marble ring {god gift}
 36168 | Orc:2    | Identified the ring "Ykareoqi" {rPois Str+3} (Xom gifted it
                  | to you on level 2 of the Orcish Mines)
 36368 | Depths:1 | Entered Level 1 of the Depths
 36511 | Depths:1 | XOM: divination: magic mapping
 36628 | Depths:1 | Reached skill level 19 in Fighting
 36712 | Depths:1 | Found a gateway to Hell.
 36862 | Depths:1 | XOM: fake destruction
 36872 | Depths:1 | XOM: summons friendly shadow imp
 36888 | Depths:1 | XOM: divination: magic mapping
 36990 | Depths:1 | Reached XP level 22. HP: 217/244 MP: 23/23
 37122 | Depths:1 | XOM: 1-stop teleportation journey
 37163 | Depths:1 | XOM: cloud trail
 37220 | Depths:1 | XOM: confuse monster(s)
 37221 | Depths:1 | XOM: potion effect (curing)
 37223 | Depths:1 | XOM: silly message
 37227 | Depths:1 | XOM: silly message
 37257 | Depths:1 | XOM: cast spell 'Call Canine Familiar'
 37322 | Depths:1 | XOM: divination: detect items
 37324 | Depths:1 | XOM: swap monsters
 37612 | Depths:1 | XOM: swap monsters
 37616 | Depths:1 | Reached skill level 20 in Fighting
 37731 | Depths:2 | XOM: stealth player
 37786 | Depths:2 | Reached skill level 1 in Armour
 37815 | Depths:2 | XOM: enchant monster (bad)
 37818 | Depths:2 | Found a one-way gateway to a ziggurat.
 37818 | Depths:2 | XOM: 6-stop teleportation journey
 37983 | Depths:2 | XOM: give mutation
 37983 | Depths:2 | Lost mutation: You have an increased reservoir of magic.
                  | (+10% MP) [Xom's mischief]
 37998 | Depths:2 | XOM: blink monster(s)
 38002 | Depths:2 | XOM: noise
 38016 | Depths:2 | XOM: chaos cloud
 38255 | Depths:2 | XOM: swap monsters
 38262 | Depths:2 | XOM: scenery: summon butterflies
 38524 | Depths:2 | You are sucked into a shaft and drop 2 floors!
 38524 | Depths:4 | Entered Level 4 of the Depths
 38711 | Depths:4 | XOM: divination: detect creatures
 38734 | Depths:4 | XOM: summons 3 hostile shadow creatures
 38790 | Depths:3 | XOM: confuse monster(s)
 39164 | Depths:2 | XOM: divination: detect creatures
 39266 | Depths:2 | Found a one-way gate leading to the halls of Pandemonium.
 39404 | Depths:2 | Found a one-way gate to the infinite horrors of the Abyss.
 39589 | Depths:2 | XOM: god gift: 822 gold pieces
 39614 | Depths:2 | Noticed a dread lich
 39622 | Depths:2 | Killed a dread lich
 39630 | Depths:2 | Paralysed by a floating eye for 4 turns
 39855 | Depths:2 | XOM: enchant monster (good)
 40035 | Depths:3 | Reached skill level 5 in Armour
 40036 | Depths:3 | XOM: chaos upgrade
 40044 | Depths:3 | XOM: 1-stop teleportation journey
 40068 | Depths:3 | XOM: 2-stop teleportation journey
 40124 | Depths:3 | XOM: summons 12 hostile demons
 40173 | Depths:3 | XOM: 2-stop teleportation journey
 40179 | Depths:3 | XOM: swap monsters
 40400 | Depths:3 | XOM: noise
 40551 | Depths:3 | XOM: blink monster(s)
 40555 | Depths:3 | XOM: stat loss: -1 Str (34/35)
 40569 | Depths:3 | Noticed the Enchantress
 40575 | Depths:3 | XOM: divination: detect creatures
 40585 | Depths:3 | Found the +3 Elemental Staff {ele, rElec rF+ rC+ AC+3}
 40585 | Depths:3 | XOM: 4-stop teleportation journey
 40613 | Depths:3 | XOM: give mutations
 40613 | Depths:3 | Lost mutation: Your muscles are strong. (Str +4, Int/Dex
                  | -1) [Xom's mischief]
 40613 | Depths:3 | Lost mutation: Your flesh is very cold resistant. (rC++)
                  | [Xom's mischief]
 40659 | Depths:3 | XOM: give mutations
 40659 | Depths:3 | Gained mutation: Your skin changes colour to match your
                  | surroundings (Stealth+). [Xom's grace]
 40659 | Depths:3 | Gained mutation: You have an increased reservoir of magic.
                  | (+10% MP) [Xom's grace]
 40659 | Depths:3 | Gained mutation: You are robust. (+10% HP) [Xom's grace]
 40673 | Depths:3 | XOM: enchant monster (bad)
 40693 | Depths:3 | Killed the Enchantress
 40694 | Depths:3 | Reached XP level 23. HP: 204/279 MP: 15/24
 40704 | Depths:3 | XOM: summons friendly white imp
 40727 | Depths:3 | XOM: fake destruction
 40961 | Depths:3 | XOM: polymorph frost giant -> alligator snapping turtle
 41077 | Depths:3 | XOM: noise
 41263 | Depths:4 | Found an opulent altar of Gozag.
 41273 | Depths:4 | XOM: cleaving
 41572 | Depths:4 | XOM: 2-stop teleportation journey
 41676 | Depths:4 | Found Ybra Ubb's Book Boutique.
 41676 | Depths:4 | Found Zikugeq's Assorted Antiques.
 41676 | Depths:4 | Found Azxal's Distillery.
 41679 | Depths:4 | Found Ymikax's Distillery.
 41716 | Depths:4 | XOM: noise
 41741 | Depths:4 | Bought a potion of heal wounds for 110 gold pieces
 41744 | Depths:4 | Bought a potion of curing for 63 gold pieces
 41744 | Depths:4 | Bought a potion of curing for 63 gold pieces
 41744 | Depths:4 | Bought a potion of curing for 63 gold pieces
 41744 | Depths:4 | Bought a potion of might for 84 gold pieces
 41744 | Depths:4 | Bought a potion of curing for 63 gold pieces
 41744 | Depths:4 | Bought a potion of might for 84 gold pieces
 41744 | Depths:4 | Bought a potion of haste for 210 gold pieces
 41752 | Depths:4 | Bought a potion of enlightenment for 220 gold pieces
 41954 | Depths:3 | Found a runed translucent door.
 42319 | Depths:3 | XOM: potion effect (haste)
 42377 | Depths:3 | XOM: give mutations
 42377 | Depths:3 | Lost mutation: Your flesh is cold resistant. (rC+) [Xom's
                  | mischief]
 42377 | Depths:3 | Lost mutation: Your system is resistant to poisons. (rPois)
                  | [Xom's mischief]
 42462 | Depths:3 | XOM: give mutation
 42462 | Depths:3 | Lost mutation: You are robust. (+10% HP) [Xom's mischief]
 42614 | Depths:3 | Identified the ring of the Ninety-Nine Knives {Ice rCorr
                  | Str-2 Int+6 Slay+3}
 42681 | Depths:3 | Noticed a shard shrike
 42719 | Depths:3 | Noticed a shard shrike
 42766 | Depths:3 | Killed a shard shrike
 42892 | Depths:3 | Killed a shard shrike
 42993 | Depths:3 | Found a runed translucent door.
 43005 | Depths:3 | XOM: polymorph storm dragon -> formless jellyfish
 43215 | Depths:3 | Got the Catalogue of Electricity
 43219 | Depths:3 | Got Tugajox's Annotations on the Caves
 43610 | Depths:4 | Found a gate to the Realm of Zot.
 43774 | Depths:4 | XOM: summons 7 hostile demons
 43977 | Vaults:1 | Entered Level 1 of the Vaults
 43989 | Vaults:1 | XOM: scenery: 2 doors open, 1 doors close
 43993 | Vaults:1 | XOM: cleaving
 44130 | Vaults:1 | XOM: summons 3 friendly demons
 44422 | Vaults:1 | XOM: give mutations
 44422 | Vaults:1 | Lost mutation: Your mind is very acute. (Int +8, Str/Dex
                  | -2) [Xom's mischief]
 44422 | Vaults:1 | Lost mutation: Your mind is acute. (Int +4, Str/Dex -1)
                  | [Xom's mischief]
 44422 | Vaults:1 | Gained mutation: You have sharp toenails. [Xom's mischief]
 44664 | Vaults:1 | XOM: 1-stop teleportation journey
 44846 | Vaults:1 | XOM: scenery: 1 doors close
 44970 | Vaults:2 | XOM: stealth player
 45011 | Vaults:2 | Noticed Margery
 45028 | Vaults:2 | XOM: cast spell 'Call Canine Familiar'
 45031 | Vaults:2 | Killed Margery
 45036 | Vaults:2 | XOM: noise
 45037 | Vaults:2 | XOM: scenery: 1 doors open, 1 doors close
 45042 | Vaults:2 | XOM: cast spell 'Discord'
 45044 | Vaults:2 | Reached skill level 10 in Armour
 45047 | Vaults:2 | XOM: blink monster(s)
 45158 | Vaults:2 | XOM: 2-stop teleportation journey
 45356 | Vaults:2 | Noticed Bai Suzhen
 45364 | Vaults:2 | XOM: summons 2 friendly demons
 45370 | Vaults:2 | Killed Bai Suzhen
 45449 | Vaults:2 | XOM: potion effect (haste)
 45460 | Vaults:2 | Reached XP level 24. HP: 233/263 MP: 24/24
 45593 | Vaults:2 | Found a staircase to the Crypt.
 45701 | Vaults:2 | Noticed Donald
 45725 | Vaults:2 | Killed Donald
 45792 | Vaults:2 | XOM: cloud trail
 45845 | Vaults:2 | XOM: confuse monster(s)
 45967 | Vaults:2 | XOM: cloud trail
 46469 | Vaults:2 | XOM: give mutations
 46469 | Vaults:2 | Gained mutation: You are completely covered in iridescent
                  | scales. (AC +6) [Xom's grace]
 46469 | Vaults:2 | Gained mutation: You are agile. (Dex +4, Str/Int -1) [Xom's
                  | grace]
 46539 | Vaults:2 | XOM: give mutations
 46539 | Vaults:2 | Gained mutation: You have hidden genetic potential. [Xom's
                  | grace]
 46539 | Vaults:2 | Gained mutation: You expend magic power (3 MP) to
                  | strengthen your wands. [Xom's grace]
 46539 | Vaults:2 | Gained mutation: You have razor-sharp toenails. [Xom's
                  | grace]
 46539 | Vaults:2 | Gained mutation: Your mind is acute. (Int +4, Str/Dex -1)
                  | [Xom's grace]
 47015 | Vaults:3 | XOM: confuse monster(s)
 47127 | Vaults:3 | Reached skill level 15 in Dodging
 47137 | Vaults:3 | XOM: enchant monster (good)
 47433 | Vaults:3 | Found a runed translucent gate.
 47433 | Vaults:3 | Found a runed translucent gate.
 47434 | Vaults:3 | Found a runed translucent gate.
 47434 | Vaults:3 | Noticed Asunaom's ghost (adept HOFi)
 47457 | Vaults:3 | XOM: enchant monster (bad)
 47462 | Vaults:3 | Killed Asunaom's ghost
 47507 | Vaults:3 | Identified the +7 arbalest of Starshine {penet, rN+}
 47733 | Vaults:4 | XOM: silly message
 47794 | Vaults:4 | XOM: enchant monster (good)
 47847 | Vaults:4 | Found a flickering gateway to a bazaar.
 47860 | Bazaar   | Entered a bazaar
 47867 | Bazaar   | Found Nesoto Axzu's Book Shoppe.
 47878 | Bazaar   | Found Jofoco Boel's Jewellery Shoppe.
 47906 | Bazaar   | Found Ucrir's Distillery.
 47912 | Bazaar   | Bought a potion of curing for 36 gold pieces
 47912 | Bazaar   | Bought a potion of curing for 36 gold pieces
 47912 | Bazaar   | Bought a potion of curing for 36 gold pieces
 47917 | Bazaar   | Found Roytuho's Jewellery Emporium.
 47997 | Vaults:4 | XOM: enchant monster (bad)
 48109 | Vaults:4 | XOM: silly message
 48116 | Vaults:4 | XOM: enchant monster (good)
 48660 | Vaults:4 | Found a portal to a secret trove of treasure.
 48698 | Vaults:4 | Identified the +0 robe of the Spheres {rPois Will+ Str+3
                  | Int+3}
 48722 | Vaults:4 | Reached skill level 15 in Shields
 48747 | Vaults:4 | XOM: noise
 49240 | Vaults:5 | Entered Level 5 of the Vaults
 49244 | Vaults:5 | XOM: smoke on damage
 49247 | Vaults:4 | XOM: chaos upgrade
 49310 | Vaults:4 | XOM: silly message
 49322 | Vaults:4 | XOM: enchant monster (good)
 49372 | Vaults:4 | XOM: chaos upgrade
 49377 | Vaults:4 | Reached XP level 25. HP: 216/273 MP: 24/24
 49391 | Vaults:4 | XOM: god gift: staff of conjuration
 49415 | Vaults:4 | XOM: god gift: datura-tipped dart
 49431 | Vaults:4 | XOM: fake destruction
 49465 | Vaults:5 | XOM: noise
 49589 | Vaults:5 | XOM: divination: detect items
 49678 | Vaults:5 | XOM: enchant monster (bad)
 49759 | Vaults:4 | Reached skill level 15 in Armour
 49760 | Vaults:4 | Gained mutation: Your movements are slightly less
                  | encumbered by armour. (ER -2) [hidden potential]
 49778 | Vaults:5 | Noticed a dread lich
 49803 | Vaults:5 | XOM: confuse monster(s)
 49910 | Vaults:5 | Identified the +3 trident of the Scuffed God {flame, Dex+3}
 49912 | Vaults:5 | XOM: smoke on damage
 49919 | Vaults:4 | Killed a dread lich
 49970 | Vaults:5 | XOM: chaos upgrade
 50048 | Vaults:5 | XOM: fog
 50059 | Vaults:5 | XOM: summons friendly crimson imp
 50153 | Vaults:5 | Identified the +2 rapier of the Seven Artisans {antimagic,
                  | rElec rN+}
 50162 | Vaults:5 | XOM: 6-stop teleportation journey
 50249 | Vaults:5 | XOM: summons friendly ufetubus
 50262 | Vaults:5 | Identified the +6 mace "Juhuafin" {spect, Fly rF++ rN+}
 50280 | Vaults:5 | XOM: polymorph ufetubus -> shadow imp
 50379 | Vaults:5 | XOM: silly message
 50398 | Vaults:5 | Identified the +1 war axe of Paill {vamp, *Rage rElec
                  | Dex+7}
 50409 | Vaults:5 | XOM: divination: magic mapping
 50476 | Vaults:5 | XOM: give mutations
 50476 | Vaults:5 | Lost mutation: You have an increased reservoir of magic.
                  | (+10% MP) [Xom's mischief]
 50476 | Vaults:5 | Lost mutation: You are completely covered in iridescent
                  | scales. (AC +6) [Xom's mischief]
 50476 | Vaults:5 | Lost mutation: You are mostly covered in iridescent scales.
                  | (AC +4) [Xom's mischief]
 50476 | Vaults:5 | Gained mutation: Your magical capacity is low. (-10% MP)
                  | [Xom's mischief]
 50783 | Vaults:5 | XOM: fake destruction
 50790 | Vaults:5 | XOM: god gift: staff of conjuration
 50986 | Vaults:5 | XOM: scenery: create altars
 51013 | Vaults:5 | Identified the +2 flail of the Usurping Enemy {drain, Dex+2
                  | Stlth+}
 51214 | Vaults:5 | Got a silver rune of Zot
 51462 | Vaults:5 | XOM: 1-stop teleportation journey
 51535 | Vaults:5 | Upgraded the game from 0.31-a0-640-g39d97e502b to
                  | 0.31-a0-654-gbe3e110b4e
 51618 | Vaults:2 | XOM: scenery: 1 doors close
 51818 | Depths:2 | XOM is BORED!
 51818 | Depths:2 | XOM: summons 13 hostile demons
 52068 | Zot:1    | Entered Level 1 of the Realm of Zot
 52081 | Zot:1    | XOM: scenery: 2 doors open
 52093 | Zot:1    | XOM: polymorph ice dragon -> tyrant leech
 52132 | Zot:1    | XOM: god gift: dagger {god gift}
 52150 | Zot:1    | Identified a scroll of acquirement
 52152 | Zot:1    | Acquired the +8 gold dragon scales of Uclugaeff {rPois rF+
                  | rC+ rCorr}
 52213 | Zot:1    | XOM: summons 7 friendly demons
 52251 | Zot:1    | XOM: god gift: wand of digging (8)
 52298 | Zot:1    | XOM: noise
 52389 | Zot:1    | XOM: destruction
 52446 | Zot:1    | You are sucked into a shaft and drop 1 floor!
 52447 | Zot:2    | Noticed Grunn
 52456 | Zot:2    | Killed Grunn
 52481 | Zot:2    | Found a runed translucent door.
 52481 | Zot:2    | Noticed Alunk's ghost (legendary GnFi)
 52490 | Zot:2    | Found a transporter.
 52504 | Zot:2    | XOM: scenery: create altars
 52535 | Zot:2    | XOM: god gift: 833 gold pieces
 52654 | Zot:2    | Identified the ring "Sinit" {Ice rElec rPois rCorr Dex-3}
 52654 | Zot:2    | Noticed Josephina
 52656 | Zot:2    | XOM: scenery: summon butterflies
 52667 | Zot:2    | Killed Josephina
 52670 | Zot:2    | XOM: scenery: 1 doors open
 52689 | Zot:2    | XOM: fog
 52707 | Zot:2    | XOM: confuse monster(s)
 52710 | Zot:2    | XOM: enchant monster (bad)
 52716 | Zot:2    | Reached skill level 21 in Fighting
 52786 | Zot:2    | Found a transporter.
 52855 | Zot:1    | XOM: blink monster(s)
 53014 | Zot:1    | Identified the +0 short sword of the Charmed God {speed,
                  | *Rage rPois Int+4 SInv}
 53158 | Zot:1    | XOM: potion effect (heal wounds)
 53491 | Zot:2    | Noticed Vv
 53509 | Zot:2    | Killed Vv
 53512 | Zot:2    | Found the ring of the Octopus King
 53512 | Zot:2    | XOM: 1-stop teleportation journey
 53529 | Zot:2    | Reached XP level 26. HP: 287/288 MP: 19/19
 53554 | Zot:2    | XOM: scenery: create altars
 53657 | Zot:2    | XOM: divination: magic mapping
 53756 | Zot:2    | Killed Alunk's ghost
 53975 | Zot:2    | XOM: destruction
 53978 | Zot:2    | XOM: polymorph green draconian -> ghost moth
 54021 | Zot:2    | XOM: summons friendly ufetubus
 54034 | Zot:2    | XOM: confuse monster(s)
 54039 | Zot:2    | Gained mutation: You are partially covered in large bone
                  | plates. (SH +4) [hidden potential]
 54039 | Zot:2    | Lost mutation: You have hidden genetic potential. [hidden
                  | potential expressed]
 54254 | Zot:2    | XOM: summons friendly ufetubus
 54263 | Zot:2    | XOM: summons friendly shadow imp
 54368 | Zot:3    | Noticed an orb of fire
 54370 | Zot:3    | Gained mutation: You occasionally lose the ability to read
                  | scrolls when taking damage. [an orb of fire]
 54370 | Zot:3    | Gained mutation: You occasionally lose the ability to drink
                  | potions when taking damage. [an orb of fire]
 54381 | Zot:3    | Killed an orb of fire
 54674 | Zot:3    | XOM: cleaving
 54719 | Zot:4    | XOM: enchant monster (good)
 54775 | Zot:4    | XOM: scenery: create altars
 54902 | Zot:4    | XOM: 6-stop teleportation journey
 55130 | Zot:3    | XOM: summons 3 hostile shadow creatures
 55419 | Zot:5    | Entered Level 5 of the Realm of Zot
 55419 | Zot:5    | XOM: enchant monster (bad)
 55428 | Zot:4    | Reached skill level 15 in Throwing
 55454 | Zot:4    | XOM: god gift: 50 gold pieces
 55677 | Zot:5    | XOM: confuse monster(s)
 55722 | Zot:5    | Reached skill level 22 in Fighting
 56298 | Zot:5    | XOM: summons 2 friendly demons
 56422 | Zot:5    | Noticed a dread lich
 56430 | Zot:5    | XOM: swap monsters
 56434 | Zot:5    | XOM: enchant monster (bad)
 56439 | Zot:5    | Killed a dread lich
 56477 | Zot:5    | Noticed an ancient lich
 56480 | Zot:5    | Noticed an orb of fire
 56487 | Zot:5    | Noticed a dread lich
 56488 | Zot:5    | Killed an ancient lich
 56489 | Zot:5    | Noticed an ancient lich
 56490 | Zot:5    | Noticed an ancient lich
 56516 | Zot:5    | XOM: 1-stop teleportation journey
 56519 | Zot:5    | Gained mutation: You sometimes lose the ability to drink
                  | potions when taking damage. [an orb of fire]
 56520 | Zot:5    | XOM: divination: detect items
 56522 | Zot:5    | XOM: polymorph purple draconian shifter -> eleionoma
 56523 | Zot:5    | Killed an orb of fire
 56533 | Zot:5    | Reached XP level 27. HP: 217/300 MP: 19/19
 56662 | Zot:5    | Noticed an ancient lich
 56675 | Zot:5    | Killed an ancient lich
 56681 | Zot:5    | XOM: potion effect (attraction)
 56683 | Zot:5    | Killed an ancient lich
 56690 | Zot:5    | Killed an ancient lich
 56690 | Zot:5    | XOM: god gift: 349 gold pieces
 56797 | Zot:5    | Noticed an orb of fire
 56802 | Zot:5    | XOM: summons 2 friendly demons
 56804 | Zot:5    | Gained mutation: Your magical capacity is very low. (-20%
                  | MP) [an orb of fire]
 56806 | Zot:5    | XOM: 2-stop teleportation journey
 56825 | Zot:5    | Lost mutation: You expend magic power (3 MP) to strengthen
                  | your wands. [an orb of fire]
 56827 | Zot:5    | XOM: scenery: create altars
 56839 | Zot:5    | Lost mutation: Your mind is acute. (Int +4, Str/Dex -1) [an
                  | orb of fire]
 56840 | Zot:5    | Gained mutation: You are occasionally teleported next to
                  | monsters. [an orb of fire]
 56845 | Zot:5    | Killed an orb of fire
 56970 | Zot:5    | Killed a dread lich
 56970 | Zot:5    | XOM: summons friendly ufetubus
 57120 | Zot:5    | Noticed an orb of fire
 57120 | Zot:5    | Noticed an orb of fire
 57120 | Zot:5    | Noticed a dread lich
 57121 | Zot:5    | Gained mutation: Armour fits poorly on your strangely
                  | shaped body. [an orb of fire]
 57121 | Zot:5    | Noticed an orb of fire
 57121 | Zot:5    | Noticed a dread lich
 57138 | Zot:5    | XOM: cleaving
 57194 | Zot:4    | XOM: divination: detect items
 57472 | Zot:5    | Killed an orb of fire
 57963 | Zot:5    | XOM: summons friendly shadow imp
 57975 | Zot:5    | Killed a dread lich
 58064 | Zot:5    | XOM: summons 10 friendly demons
 58069 | Zot:5    | XOM: scenery: create altars
 58071 | Zot:5    | Lost mutation: You are agile. (Dex +4, Str/Int -1) [an orb
                  | of fire]
 58076 | Zot:5    | Killed an orb of fire
 58383 | Zot:5    | XOM: summons friendly white imp
 58394 | Zot:5    | Gained mutation: Your body sometimes deteriorates upon
                  | taking damage. [an orb of fire]
 58397 | Zot:5    | Killed an orb of fire
 58519 | Zot:5    | Got the Orb of Zot
 58580 | Zot:5    | XOM: repel stairs
 58590 | Zot:5    | XOM: potion effect (haste)
 58618 | Zot:4    | XOM: chaos cloud
 58620 | Zot:4    | Paralysed by you for 5 turns
 58876 | Depths:1 | Noticed Giynk the pandemonium lord
 58885 | Depths:1 | XOM: butterfly on damage
 59026 | D:13     | XOM: divination: magic mapping
 59044 | D:13     | XOM: 1-stop teleportation journey
 59113 | D:13     | XOM: scenery: summon butterflies
 59163 | D:13     | XOM: scenery: create altars
 59255 | D:8      | Noticed Modiugh the pandemonium lord
 59416 | D:4      | XOM: confuse monster(s)
 59515 | D:$      | Escaped with the Orb!

Illustrated notes

Levels and vault maps discovered:
D:1:      matt_arrival_grand_opening, layout_rooms, minmay_misc_feat_x
D:2:      layout_basic, basic_altar, minivault_26, uniq_natasha
D:3:      layout_basic, minitemple, ebering_ecumenical_altar_webs
D:4:      layout_layer_cave, minmay_temple_entry_drinking_statues,
          nicolae_ossuary_entry_ruins, st_stairs_12, minmay_bisected, uniq_pikel
D:5:      layout_basic, led_sif_pool, uniq_prince_ribbit1, uniq_eustachio
D:6:      layout_loops_ring, regret_index_temple_of_mockery,
          kennysheep_mini_moat, serial_bayou_lagoon_b, uniq_duvessa
D:7:      layout_loops_ring, mainiacjoe_overflow_divided_tiny,
          mainiacjoe_overflow_tiny_flanked, uniq_crazy_yiuf_cottage
D:8:      layout_basic, serial_shops, shop, kennysheep_island_fort
D:9:      layout_roguey, dpeg_oklobed_lair, david_orc_5, nicolae_rejected_hall
D:10:     layout_roguey [special_room_orc], lightli_bailey_entry_fortress,
          special_room [special_room_bee], chequers_guarded_unrand_ignorance
D:11:     layout_basic, ebering_ghost_xom, uniq_nergalle, uniq_fannar
D:12:     layout_roguey
D:13:     layout_loops_ring, nicolae_tso_carved_into_rock
D:14:     layout_roguey, grunt_vaults_entry_tiered,
          nicolae_figureground_sparkle, special_room [special_room_orc],
          ebering_ghost_funeral_grove, kennysheep_inner_square
D:15:     hangedman_depths_entry_try_elsewhere_first, layout_stronghold,
          nicolae_houndstooth_variations
Temple:   hellmonk_temple_of_storms
Lair:1:   layout_long_grid, grunt_forest_stairs_basic,
          grunt_forest_large_clearings, lemuel_fruit_fields
Lair:2:   layout_loops_ring, hellmonk_spider_entry_life_and_decay, basic_altar,
          nzn_ghost_randoct
Lair:3:   layout_gridlike, minmay_swamp_entry_worms, grunt_megastairs_5
Lair:4:   layout_gridlike, nicolae_slime_entry_slimehenge
Lair:5:   gammafunk_lair_ancient_temple, layout_cave_pods,
          gammafunk_ghost_necromancy, columned_hall_lemuel, minivault_23
Swamp:1:  nicolae_swamp_secret_spriggan_hideout, layout_basic_swamp,
          wheals_swamp_sinkhole, uniq_roxanne
Swamp:2:  layout_basic_swamp, nicolae_swamp_trees_clearing, uniq_louise,
          uniq_aizul, uniq_kirke
Swamp:3:  layout_basic_swamp, hangedman_swamp_ruin_wall, uniq_nikola
Swamp:4:  swamp_fiery, layout_basic_swamp, swamp_pool2, ldierk_geyser,
          nicolae_swamp_orc_logging_accident, uniq_mlioglotl
Spider:1: layout_spider_delve
Spider:2: layout_spider_delve, portal_ice_cave_entry_ugly_swarm
Spider:3: layout_spider_delve, guppyfry_hornet_nest
Spider:4: johnstein_spider_rune_arachne_lair, nicolae_spider_undead_wolf_pack
Orc:1:    layout_caves, nicolae_orc_sculptors_studio, uniq_urug
Orc:2:    grunt_orc_tribal_feast, layout_caves, ebering_ghost_inner_flame,
          uniq_snorg
Elf:1:    nicolae_elf_arrival_aired_out, layout_loops_cross, orc_legates,
          nicolae_shop_clearance
Elf:2:    elven_hall_of_blades_hangedman_original [mumra_blade_entry_bloodbath],
          layout_rooms, portal_desolation_entry_nicolae_nacl
Elf:3:    elf_hall, layout_gridlike, drop_trap, minivault_16,
          guppyfry_library_mini
Vaults:1: nicolae_vaults_little_squares_6, nicolae_vaults_ninety_degrees,
          vaults_dpeg_encased_lava, hangedman_vaults_pinch,
          ontoclasm_vaults_fault, vaults_mumra_hexcomb,
          hangedman_vaults_corner_blocks, v_misc_13, nicolae_vaults_alarming,
          hangedman_vaults_stagger, grunt_vaults_hallway_short, v_misc_2,
          nicolae_vaults_cochlea, nicolae_vaults_house_1,
          nicolae_vaults_tetromino_L_1, layout_vaults_ring
Vaults:2: v_misc_9, hangedman_vaults_hat, st_spiral_rooms,
          nicolae_vaults_variable_pillar_hall, v_misc_19,
          nicolae_vaults_layer_cake_slice, minmay_crypt_entry_simple_walls,
          nicolae_vaults_lightning_bolt, v_misc_5, v_alt_pattern_4,
          nicolae_vaults_double_plus_1, nicolae_vaults_surprise_closet,
          layout_vaults_quadrants, serial_glass, uniq_donald, uniq_bai_suzhen,
          uniq_margery
Vaults:3: gammafunk_ghost_spectres, nicolae_vaults_spaceships,
          nicolae_vaults_more_shelving_2, nicolae_vaults_closet_pinwheel_4,
          vaults_mumra_lcd, vaults_dpeg_ring, v_misc_8,
          nicolae_vaults_security_offices_2, hangedman_vaults_trim,
          nicolae_vaults_tetromino_L_1, layout_vaults_omnibox
Vaults:4: vaults_room_boxed, v_pattern_3, nicolae_vaults_corridor_and_loot_room,
          vaults_room_pools, nicolae_vaults_storage_room_water,
          vaults_standard_mumra_enter_the_diamond, nicolae_vaults_specimen_jars,
          nicolae_vaults_wine_cellar, nicolae_vaults_six-pack,
          layout_vaults_chaotic_city, serial_shops, bzr_firewalk, enter_trove_5
Vaults:5: serial_shops
Depths:1: layout_roguey, lightli_too_deep, minmay_misc_feat_ornament,
          grunt_decor_cap, minmay_fractal_squares_diagonal_5,
          grunt_megastairs_3, firewood_loft, serial_bayou_shore_b
Depths:2: hellmonk_paralyzer, layout_gridlike, enter_ziggurat_a, hellmouth_3,
          rand_demon_pan_entry_4, chequers_serial_rivers_micro_a, abyss_entry,
          grunt_decor_one_mirror
Depths:3: mu_elemental_laboratory, layout_twisted_cross,
          serial_sigils_hangedman_etch, abyss_entry, hellmouth_1,
          uniq_enchantress
Depths:4: grunt_twist_and_shout, layout_basic, hell_entry, grunt_gozag_statues,
          hex_medium, minmay_shoptagon
Zot:1:    layout_gridlike, st_large_dragon_hoard_1
Zot:2:    gammafunk_sealed_arena, layout_gridlike,
          hellmonk_ghost_happy_afterlife, uniq_josephina, uniq_vv, uniq_grunn
Zot:3:    layout_onion_interference, grunt_megastairs_2
Zot:4:    layout_misc_corridors
Zot:5:    layout_misc_corridors, hangedman_zot_diagonal_lockstep

Skill      XL: |  1  2  3  4  5  6  7  8  9 10 11 12 13 14 15 16 17 18 19 20 21 22 23 24 25 26 27 |
---------------+----------------------------------------------------------------------------------+-----
Unarmed Combat | 4 5 7 8 10 12 14 16 20 21 | 21.6
Fighting       | 3 5 6 7 8 10 11 12 13 14 16 19 20 21 22 | 22.6
Throwing       | 9 10 13 15 17 | 17.6
Evocations     | 8 10 | 10.0
Dodging        | 4 9 12 13 14 15 | 15.0
Shapeshifting  | 4 |  4.2
Shields        | 4 10 11 13 15 16 18 | 18.2
Armour         | 5 10 14 15 | 15.0

Action                     |  1- 3 |  4- 6 |  7- 9 | 10-12 | 13-15 | 16-18 | 19-21 | 22-24 | 25-27 || total
---------------------------+-------+-------+-------+-------+-------+-------+-------+-------+-------++-------
  Melee: Unarmed           |    94 |   198 |   259 |   482 |  1305 |   571 |  1948 |  1794 |  1386 ||  8037
         Punch             |       |     8 |     4 |       |       |       |       |       |       ||    12
         Kick              |       |       |       |    17 |   425 |   180 |   190 |   355 |   728 ||  1895
         Bite              |       |       |       |       |       |       |    26 |       |       ||    26
  Throw: Boomerang         |       |       |    36 |    22 |    15 |     1 |       |       |       ||    74
         Large rock        |       |       |       |       |     1 |    10 |   106 |   121 |   327 ||   565
         Javelin           |       |       |       |       |     3 |     2 |    14 |     5 |    15 ||    39
         Throwing net      |       |       |       |       |       |       |       |     2 |       ||     2
  Evoke: Wand              |       |     1 |     2 |       |    19 |     5 |    13 |     7 |    19 ||    66
         Lightning rod     |       |       |       |       |     1 |     6 |       |       |     5 ||    12
         Phial of floods   |       |       |       |       |       |     1 |     1 |     2 |     1 ||     5
         Condenser vane    |       |       |       |       |       |       |       |       |     3 ||     3
         Phantom mirror    |       |       |       |       |       |       |       |       |     2 ||     2
         Sack of spiders   |       |       |       |       |       |       |       |       |     1 ||     1
    Use: Scroll            |       |     8 |     4 |     9 |    16 |     4 |     5 |     8 |    19 ||    73
         Potion            |       |     2 |       |     3 |     6 |     5 |     3 |     3 |    12 ||    34
   Stab: Sleeping          |       |     1 |       |     3 |    11 |       |     3 |     2 |     2 ||    22
         Confused          |       |       |       |       |     3 |     1 |       |     8 |       ||    12
         Distracted        |       |       |       |       |     1 |       |     4 |     3 |     6 ||    14
         Paralysed         |       |       |       |       |       |     1 |     2 |     1 |       ||     4
         Held in net/web   |       |       |       |       |       |       |     2 |       |       ||     2
         Petrifying        |       |       |       |       |       |       |       |     2 |       ||     2
 Armour: Robe              |    43 |    60 |    34 |   101 |   371 |   201 |   369 |    95 |       ||  1274
         Steam dragon scal |       |       |    43 |    55 |       |       |       |       |       ||    98
         Skin              |       |       |       |       |       |       |       |     3 |       ||     3
         Acid dragon scale |       |       |       |       |       |       |       |   191 |    57 ||   248
         Gold dragon scale |       |       |       |       |       |       |       |       |   253 ||   253
  Dodge: Dodged            |    38 |    78 |    80 |   162 |   288 |   120 |   335 |   340 |   318 ||  1759
  Block: Other             |       |    36 |    23 |       |       |       |       |       |       ||    59
         Orb               |       |       |    25 |    98 |   103 |       |       |       |       ||   226
         Reflection        |       |       |       |     6 |    11 |    22 |    95 |    76 |    42 ||   252
         Tower shield      |       |       |       |       |   789 |   764 |  2089 |  1906 |  1547 ||  7095

Table legend: (Time is in decaauts)
 A = Elapsed time spent in this place.
 B = Non-inter-level travel time spent in this place.
 C = Inter-level travel time spent in this place.
 D = Time resting spent in this place.
 E = Time spent auto-exploring this place.
 F = Levels seen in this place.
 G = Mean time per level.
                   A        B        C        D        E       F      G
               +--------+--------+--------+--------+--------+-----+--------+
         Total |  58234 |  51415 |   6819 |   8323 |      0 |  52 | 1119.9 |
       Dungeon |  14693 |  12718 |   1975 |    912 |      0 |  15 |  979.5 |
        Temple |      1 |      1 |      0 |      0 |      0 |   1 |    1.0 |
          Lair |   5507 |   4753 |    754 |    409 |      0 |   5 | 1101.4 |
         Swamp |   3771 |   3195 |    576 |    674 |      0 |   4 |  942.8 |
   Spider Nest |   5740 |   4894 |    846 |   1180 |      0 |   4 | 1435.0 |
  Orcish Mines |   1373 |   1217 |    156 |     97 |      0 |   2 |  686.5 |
   Elven Halls |   3993 |   3632 |    361 |    768 |      0 |   3 | 1331.0 |
        Vaults |   7350 |   6561 |    789 |    712 |      0 |   5 | 1470.0 |
        Depths |   7651 |   6497 |   1154 |   1757 |      0 |   4 | 1912.8 |
           Zot |   6392 |   6190 |    202 |   1549 |      0 |   5 | 1278.4 |
        Bazaar |     80 |     80 |      0 |      0 |      0 |   1 |   80.0 |
       Ossuary |    307 |    307 |      0 |      0 |      0 |   1 |  307.0 |
      Ice Cave |    512 |    512 |      0 |    115 |      0 |   1 |  512.0 |
    Desolation |    855 |    855 |      0 |    149 |      0 |   1 |  855.0 |
               +--------+--------+--------+--------+--------+-----+--------+

Top non-repeatable levels by time:
Spider:4: 2735 daAuts
Depths:3: 2666 daAuts
   Zot:5: 2639 daAuts
     D:9: 2348 daAuts
Vaults:4: 2211 daAuts
Depths:2: 1919 daAuts
   Elf:3: 1880 daAuts
Vaults:5: 1637 daAuts
Vaults:2: 1576 daAuts
Depths:4: 1551 daAuts
Depths:1: 1513 daAuts
    D:15: 1373 daAuts
 Swamp:1: 1356 daAuts
  Lair:2: 1337 daAuts
  Lair:5: 1286 daAuts
